 Dungeon Crawl Stone Soup version 0.22-a0-247-gbddf880 (webtiles) character file.

10024 Vectris71 the Destroyer (level 11, -13/95 HPs)
             Began as a Green Draconian Fire Elementalist on Feb 24, 2018.
             Was an Elder of Vehumet.
             Mangled by a sun demon (19 damage)
             ... summoned by a kobold demonologist
             ... on level 13 of the Dungeon.
             The game lasted 02:38:56 (12258 turns).

Vectris71 the Destroyer (DrFE)                     Turns: 12258, Time: 02:38:57

Health: -13/95     AC: 10    Str: 11    XL:     11   Next: 30%
Magic:  18/40      EV: 13    Int: 19    God:    Vehumet [****..]
Gold:   458        SH:  0    Dex: 11    Spells: 8/25 levels left

rFire    . . .     SeeInvis .   y - +9 trident "Giantbane" {pierce, MR+ MP+9}
rCold    . . .     Gourm    .   (no shield)
rNeg     . . .     Faith    .   (armour unavailable)
rPois    +         Spirit   .   (helmet restricted)
rElec    .         Reflect  .   e - +1 cloak
rCorr    .         Harm     .   (no gloves)
MR       +....                  v - +0 pair of boots
Stlth    ++........             q - amulet of magic regeneration
HPRegen  0.25/turn              M - ring of magical power
MPRegen  0.52/turn              x - ring of flight

@: about to teleport, hasted (expiring), very quick
A: breathe noxious fumes, unfitting armour, poison resistance, cold-blooded, AC
+7
a: Breathe Noxious Fumes, Renounce Religion, Evoke Flight


You were on level 13 of the Dungeon.
You worshipped Vehumet.
Vehumet was greatly pleased with you.
You were not hungry.

You visited 2 branches of the dungeon, and saw 12 of its levels.

You collected 626 gold pieces.
You spent 168 gold pieces at shops.

Inventory:

Hand Weapons
 u - a +0 hunting sling
 y - the +9 trident "Giantbane" (weapon) {pierce, MR+ MP+9}
   (You found it on level 4 of the Dungeon)

   It inflicts extra damage upon your enemies.
   It affects your resistance to hostile enchantments.
   It affects your magic capacity (+9).
Missiles
 j - 42 poisoned needles
 r - 35 sling bullets
 s - 132 stones (quivered)
 K - a throwing net
Armour
 e - a +1 cloak (worn)
 v - a +0 pair of boots (worn)
 w - a +0 cloak
Jewellery
 q - an amulet of magic regeneration (around neck)
 x - a ring of flight (right hand)
 E - an uncursed ring of ice
 M - a ring of magical power (left hand)
Wands
 k - a wand of paralysis (19)
 F - a wand of disintegration (11)
Scrolls
 b - a scroll of fog
 f - 2 scrolls of magic mapping
 i - a scroll of teleportation
 o - a scroll of enchant armour
 C - a scroll of immolation
 D - a scroll of remove curse
 G - a scroll of noise {unknown}
 H - a scroll of vulnerability {unknown}
 L - a scroll of amnesia
Potions
 c - 3 potions of mutation
 d - a potion of might
 g - a potion of haste
 h - a potion of invisibility
 l - 3 potions of curing
 m - a potion of magic
 n - 5 potions of ambrosia
 p - a potion of cancellation
 t - a potion of brilliance {unknown}
 z - a potion of agility
 A - 3 potions of flight
 B - a potion of heal wounds
 I - a potion of berserk rage {unknown}
 J - 2 potions of lignification
Comestibles
 a - 10 rations


   Skills:
 + Level 8.5 Fighting
 + Level 2.9 Dodging
 - Level 1.7 Stealth
 + Level 7.5 Spellcasting
 - Level 10.1 Conjurations
 - Level 10.0 Fire Magic


You had 8 spell levels left.
You knew the following spells:

 Your Spells              Type           Power        Failure   Level  Hunger
a - Conjure Flame         Conj/Fire      #####...     1%          3    #......
b - Sticky Flame          Conj/Fire      #####...     1%          4    ###....
c - Fireball              Conj/Fire      #####.....   1%          5    #####..
d - Searing Ray           Conj           #####.       1%          2    None
s - Throw Flame           Conj/Fire      #####.       1%          2    None
x - Flame Tongue          Conj/Fire      #####        1%          1    None


Dungeon Overview and Level Annotations

Branches:
Dungeon (10/15)            Temple (1/1) D:4            Lair (0/6) D:9
    Orc: D:9-12

Altars:
Ashenzari
Cheibriados
Dithmenos
Elyvilon
Fedhas
Gozag
Hepliaklqana
Kikubaaqudgha
Makhleb
Nemelex Xobeh
Okawaru
Qazlal
Ru
Sif Muna
Trog
Uskayaw
Vehumet
Wu Jian
Xom
Yredelemnul
Zin
The Shining One

Shops:
D:10 !

Portals:
Ice
Cave: D:13


Innate Abilities, Weirdness & Mutations

You can breathe blasts of noxious fumes.
Your lurid green scales are hard. (AC +7)
You cannot fit into any form of body armour.
Your system is resistant to poisons. (rPois)
You are cold-blooded and may be slowed by cold attacks.


Message History

You hear a grinding noise.
The worker ant waves its antennae.
Your magical contamination has completely faded away.
Attack whom?
Press: ? - help, Dir - move target cursor, f - worker ant
Aim: a worker ant You hit the worker ant.
Your tail-slap misses the worker ant.
The worker ant is moderately wounded.
The worker ant misses you.
You puncture the worker ant!
You kill the worker ant!
Vehumet accepts your kill.
The sphinx mumbles some strange words.
Something smites you!
* * * LOW HITPOINT WARNING * * *
As you read the scroll of teleportation, it crumbles to dust.
You feel strangely unstable. The sun demon hits you!!
* * * LOW HITPOINT WARNING * * *
You are engulfed in flames!!
You die...

****** ***,,.,* *,,,..,* *,,...,*
*,.∩..,* ######
*#**########.†...,*******
.....####...#.....§K)5...,,,,,,,,
.....+..#....CH##3#,**,,,,,,,,,,,
.....##.'...#...@.#,,,,,,,,,,,,,,
.....####.###.#####,**,,<,,,,<,,,
##+### #.....#,,,*>**,,,,,,,,,,,
*,,* #######,***,**********+**
*,** *,,,,,,,,,,,* ****,,,* *,*
*******+***** *,,,,*** ,,* *,,,,*
**+******* *** ****,******
*,,,*,,,,, *********,,,,,,,,,***
*,*,*,***,


You could see a sphinx, an ettin, a sun demon and a kobold.

Vanquished Creatures
  2 two-headed ogres
  3 death yaks (D:9)
  Pikel (D:8)
  2 trolls
  Prince Ribbit (D:8)
  3 hippogriffs
  A shadow (D:10)
  3 vampire mosquitoes (D:13)
  A hungry ghost (D:9)
  Edmund (D:6)
  Duvessa (D:5)
  2 porcupines (D:9)
  2 ice beasts
  A sky beast (D:9)
  A necrophage (D:9)
  4 orc warriors
  6 ogres
  A centaur (D:10)
  3 big kobolds
  8 bullfrogs
  Dowan (D:5)
  3 scorpions (D:9)
  2 howler monkeys
  10 wights
  3 crimson imps
  A quasit (D:9)
  2 bullfrog skeletons
  A centaur zombie (D:10)
  7 hounds
  A jelly (D:9)
  2 centaur skeletons
  10 orc priests
  15 orc wizards
  9 worker ants
  A hound skeleton (D:7)
  3 gnolls (D:3)
  10 adders
  2 river rats (D:9)
  11 white imps (D:13)
  An ooze (D:2)
  2 adder skeletons (D:8)
  4 worms
  2 dart slugs (D:2)
  5 leopard geckos
  47 orcs
  2 bats
  8 giant cockroaches
  5 goblins
  12 hobgoblins
  A quokka (D:9)
  6 frilled lizards
  A giant cockroach zombie (D:5)
  10 kobolds
  A leopard gecko skeleton (D:5)
  A quokka skeleton (D:7)
  A quokka zombie (D:7)
  9 rats
259 creatures vanquished.

Vanquished Creatures (others)
  2 slaves (D:8)
  A howler monkey (D:8)
  A centaur skeleton (D:8)
4 creatures vanquished.

Grand Total: 263 creatures vanquished

Notes
Turn   | Place    | Note
-------+----------+-------------------------------------------
     0 | D:1      | Vectris71 the Draconian Fire Elementalist began the quest for the Orb.
     0 | D:1      | Reached XP level 1. HP: 14/14 MP: 3/3
   259 | D:1      | Reached XP level 2. HP: 17/22 MP: 0/5
   554 | D:1      | Learned a level 2 spell: Throw Flame
  1118 | D:2      | Found an ancient bone altar of Kikubaaqudgha.
  1126 | D:2      | Reached XP level 3. HP: 27/27 MP: 3/6
  1181 | D:2      | Learned a level 3 spell: Conjure Flame
  1191 | D:2      | Reached skill level 1 in Fighting
  1468 | D:2      | Found a sacrificial altar of Ru.
  2252 | D:2      | Found a stormy altar of Qazlal.
  2252 | D:2      | Found a snail-covered altar of Cheibriados.
  2467 | D:2      | Reached XP level 4. HP: 35/35 MP: 2/7
  3296 | D:3      | Reached XP level 5. HP: 41/41 MP: 2/9
  3770 | D:3      | Reached XP level 6. HP: 48/48 MP: 1/10
  4025 | D:3      | Learned a level 4 spell: Sticky Flame
  4539 | D:3      | Reached skill level 5 in Fire Magic
  4775 | D:4      | Found a staircase to the Ecumenical Temple.
  4775 | D:4      | Noticed an ice beast
  4939 | D:3      | Killed an ice beast
  4939 | D:3      | Your scales start taking on a lurid green colour.
  4939 | D:3      | Reached XP level 7. HP: 56/56 MP: 1/12
  4939 | D:3      | Gained mutation: Your system is resistant to poisons. (rPois) [Green Draconian growth]
  5419 | D:4      | Found a hide-covered altar of Uskayaw.
  5457 | D:4      | Got an encrusted trident
  5458 | D:4      | Identified the +9 trident "Giantbane" {pierce, MR+ MP+9} (You found it on level 4 of the Dungeon)
  5467 | D:4      | Noticed a dagger
  5467 | D:4      | Noticed a hand axe
  5476 | D:4      | Found a hide-covered altar of Uskayaw.
  5576 | Temple   | Entered the Ecumenical Temple
  5631 | Temple   | Became a worshipper of Vehumet
  5889 | D:4      | Found a burning altar of Makhleb.
  5950 | D:5      | Entered Level 5 of the Dungeon
  6094 | D:5      | Noticed Dowan
  6096 | D:5      | Noticed Duvessa
  6120 | D:5      | Killed Duvessa
  6120 | D:5      | Reached skill level 5 in Conjurations
  6472 | D:5      | Killed Dowan
  6503 | D:5      | Reached XP level 8. HP: 51/66 MP: 13/13
  6726 | D:6      | Found a snail-covered altar of Cheibriados.
  6753 | D:6      | Found a stormy altar of Qazlal.
  7065 | D:6      | Noticed Edmund
  7092 | D:6      | Killed Edmund
  7579 | D:7      | Reached * piety under Vehumet
  7579 | D:7      | Offered knowledge of Freeze by Vehumet.
  8079 | D:7      | Noticed a hippogriff
  8079 | D:7      | Reached XP level 9. HP: 73/73 MP: 16/16
  8098 | D:7      | Reached skill level 5 in Fighting
  8292 | D:7      | Reached skill level 5 in Spellcasting
  8548 | D:7      | Found a sparkling altar of Nemelex Xobeh.
  8618 | D:7      | Learned a level 5 spell: Fireball
  8883 | D:8      | Found an ornate altar of the Wu Jian Council.
  9018 | D:8      | Reached ** piety under Vehumet
  9018 | D:8      | Offered knowledge of Searing Ray by Vehumet.
  9027 | D:8      | Learned a level 2 spell: Searing Ray
  9186 | D:8      | Noticed Prince Ribbit
  9221 | D:8      | Killed Prince Ribbit
  9383 | D:8      | Noticed Pikel
  9390 | D:8      | Killed Pikel
  9390 | D:8      | Reached XP level 10. HP: 83/83 MP: 18/18
  9412 | D:8      | Noticed a two-headed ogre
  9421 | D:8      | Killed a two-headed ogre
  9427 | D:8      | Offered knowledge of Stone Arrow by Vehumet.
 10104 | D:9      | Noticed a death yak
 10327 | D:9      | Reached *** piety under Vehumet
 10379 | D:9      | Noticed a death yak
 10395 | D:9      | Noticed a death yak
 10452 | D:9      | Found a staircase to the Lair.
 10819 | D:9      | Noticed a two-headed ogre
 10831 | D:9      | Killed a two-headed ogre
 10932 | D:9      | Reached skill level 10 in Fire Magic
 11037 | D:9      | Found a shadowy altar of Dithmenos.
 11110 | D:9      | Killed a death yak
 11129 | D:9      | Killed a death yak
 11129 | D:9      | Reached skill level 10 in Conjurations
 11129 | D:9      | Reached XP level 11. HP: 93/93 MP: 21/21
 11160 | D:9      | Killed a death yak
 11794 | D:10     | Entered Level 10 of the Dungeon
 11812 | D:10     | Offered knowledge of Olgreb's Toxic Radiance by Vehumet.
 11974 | D:10     | Found Ugaptinu's Distillery.
 11992 | D:10     | Bought a potion of heal wounds for 70 gold pieces
 11992 | D:10     | Bought a potion of agility for 56 gold pieces
 11992 | D:10     | Bought a potion of lignification for 42 gold pieces
 12175 | D:10     | You fall through a shaft for 3 floors!
 12175 | D:13     | Noticed a sphinx
 12187 | D:13     | Noticed a deep troll earth mage
 12199 | D:13     | Noticed a yaktaur captain
 12200 | D:13     | Noticed an ettin
 12240 | D:13     | Found a frozen archway.
 12244 | D:13     | Reached **** piety under Vehumet
 12251 | D:13     | Noticed a sun demon
 12251 | D:13     | Offered knowledge of Fulminant Prism by Vehumet.
 12258 | D:13     | Mangled by a sun demon

Vault maps used:
D:1:      denvon_arrival_waterhouse
D:2:      old_standard_altar, kiku_gazebo_garden_becter,
          gammafunk_temple_overflow_elements, minmay_misc_feat_doors,
          minmay_misc_feat_nine_boxes
D:4:      lightli_temple_of_fire, dancing_weapons_uskayaw,
          minmay_temple_entry_mist, first_ration, kennysheep_small_circle
D:5:      uniq_duvessa
D:6:      basic_altar, grunt_qazlal_clouds, uniq_edmund
D:7:      lemuel_round_altar
D:8:      nicolae_overflow_hidden_temple, uniq_pikel, uniq_prince_ribbit1
D:9:      dpeg_lair_monsters, basic_altar
D:10:     serial_shops, shop, hangedman_pestilent_swarm, dk_vineyard_3,
          nicolae_two_hexagons, uniq_erolcha, uniq_maurice
D:13:     david_vaults_5, portal_ice_cave_entry_imps, minmay_diamond_spiral
Temple:   jpeg_temple_clearing

Skill      XL: |  1  2  3  4  5  6  7  8  9 10 11 |
---------------+----------------------------------+-----
Fighting       | 1 2 3 4 6 7 8 |  8.5
Conjurations   | 2 3 4 5 6 8 10 | 10.1
Fire Magic     | 4 5 6 7 9 10 | 10.0
Spellcasting   | 3 4 5 6 7 |  7.5
Dodging        | 2 |  2.9
Stealth        | |  1.7

Action                   |  1- 3 |  4- 6 |  7- 9 | 10-12 || total
-------------------------+-------+-------+-------+-------++-------
Melee: Short sword       |     9 |       |       |       ||     9
       Trident           |     3 |    39 |   144 |    76 ||   262
       Tailslap          |       |     2 |     4 |     6 ||    12
Throw: Stone             |       |     8 |    10 |       ||    18
 Cast: Flame Tongue      |    56 |    48 |    96 |    39 ||   239
       Throw Flame       |     5 |    61 |    92 |    59 ||   217
       Conjure Flame     |     9 |    14 |    29 |     9 ||    61
       Sticky Flame      |       |       |     6 |    12 ||    18
       Fireball          |       |       |     5 |    17 ||    22
       Searing Ray       |       |       |     1 |       ||     1
 Abil: Breathe Noxious F |       |       |    12 |       ||    12
  Use: Scroll            |     5 |       |    10 |     8 ||    23
       Potion            |       |       |       |     2 ||     2
 Stab: Sleeping          |       |     1 |     1 |       ||     2
  Eat: Chunk             |     4 |     8 |    16 |     6 ||    34
       Ration            |     1 |     1 |     2 |     3 ||     7
Armor: Skin              |     7 |    19 |    46 |    33 ||   105
Dodge: Dodged            |     8 |    43 |    53 |    66 ||   170

Table legend:
 A = Spawn XP
 B = Non-spawn XP
 C = Spawn XP percentage of total XP
 D = Spawn monster count
 E = Non-spawn monster count
 F = Spawn count percentage of total count
 G = Total turns spent on level
                    A         B        C        D         E        F      G
               +---------+---------+-------+---------+---------+-------+---------
         Total |       0 |   14321 |   0.0 |       0 |     259 |   0.0 | 12258
               +---------+---------+-------+---------+---------+-------+---------
           D:1 |       0 |      24 |   0.0 |       0 |      13 |   0.0 |  1103
           D:2 |       0 |     139 |   0.0 |       0 |      29 |   0.0 |  1966
           D:3 |       0 |     589 |   0.0 |       0 |      38 |   0.0 |  1891
           D:4 |       0 |     337 |   0.0 |       0 |      19 |   0.0 |   903
           D:5 |       0 |     337 |   0.0 |       0 |       9 |   0.0 |   705
           D:6 |       0 |     772 |   0.0 |       0 |      15 |   0.0 |   839
           D:7 |       0 |    1509 |   0.0 |       0 |      36 |   0.0 |  1328
           D:8 |       0 |    3041 |   0.0 |       0 |      41 |   0.0 |  1175
           D:9 |       0 |    5563 |   0.0 |       0 |      26 |   0.0 |  1797
          D:10 |       0 |    1094 |   0.0 |       0 |      12 |   0.0 |   381
          D:13 |       0 |     916 |   0.0 |       0 |      21 |   0.0 |    83
               +---------+---------+-------+---------+---------+-------+---------
